 Dungeon Crawl Stone Soup version 0.17-a0-903-g49d4bbf (webtiles) character file.

6078 FedoraBrony69 the Thaumaturge (level 10, -5/56 HPs)
             Began as a Deep Elf Conjurer on May 2, 2015.
             Was a High Priest of Sif Muna.
             Slain by a molten gargoyle
             ... wielding a +0 flail
              (14 damage)
             ... on level 9 of the Dungeon.
             The game lasted 00:33:00 (9791 turns).

FedoraBrony69 the Thaumaturge (Deep Elf Conjurer)   Turns: 9791, Time: 00:33:00

Health: -5/56      AC:  8    Str:  5      XL:     10   Next: 57%
Magic:  0/27       EV: 21    Int: 24      God:    Sif Muna [*****.]
Gold:   377        SH:  0    Dex: 14 (15) Spells: 5 memorised, 14 levels left

rFire  . . .     SeeInvis .     (no weapon)
rCold  . . .     Clarity  .     a - +0 robe
rNeg   . . .     SustAb   .     (no shield)
rPois  .         Gourm    .     t - +1 helmet
rElec  .         Spirit   +     T - +1 cloak
rCorr  .         Warding  .     H - +0 pair of gloves
rMut   .         NoTele   +     O - +0 pair of boots of Altruism {-Tele MR+ Regen+}
MR     +++..                    y - amulet of guardian spirit
Stlth  ++........               u - ring of protection from magic
                                U - +6 ring of evasion

@: extremely resistant to hostile enchantments, unstealthy
A: no striking features
a: Channel Energy, Forget Spell, Renounce Religion


You were on level 9 of the Dungeon.
You worshipped Sif Muna.
Sif Muna was extremely pleased with you.
You were very hungry.

You visited 2 branches of the dungeon, and saw 10 of its levels.

You collected 377 gold pieces.

Inventory:

Hand weapons
 X - a +4 rapier of flaming
Armour
 a - a +0 robe (worn)
 h - a +0 fire dragon armour
 j - a +0 pair of boots
 t - a +1 helmet (worn)
 H - a +0 pair of gloves (worn)
 O - the +0 pair of boots of Altruism (worn) {-Tele MR+ Regen+}
   (You found it on level 6 of the Dungeon)

   It affects your resistance to hostile enchantments.
   It prevents most forms of teleportation.
   It increases your rate of regeneration.
 T - a +1 cloak (worn)
Jewellery
 u - a ring of protection from magic (right hand)
 y - an amulet of guardian spirit (around neck)
 N - a +2 ring of strength
 U - a +6 ring of evasion (left hand)
Magical devices
 q - a wand of disintegration (0)
 s - a wand of invisibility (4)
 w - a wand of magic darts (7)
 C - a wand of random effects (20)
 R - a wand of lightning (0)
 W - a wand of magic darts (19)
Scrolls
 d - 3 scrolls of random uselessness {unknown}
 i - 2 scrolls of enchant armour {unknown}
 r - 5 scrolls of identify
 x - a scroll of fog {unknown}
 z - 2 scrolls of blinking {unknown}
 D - 2 scrolls of immolation {unknown}
 F - 5 scrolls of noise {unknown}
 J - a scroll of summoning {unknown}
 M - a scroll of magic mapping {unknown}
 P - a scroll of enchant weapon {unknown}
 V - a scroll of teleportation {unknown}
Potions
 e - 2 potions of resistance {unknown}
 f - a potion of heal wounds {unknown}
 g - a potion of ambrosia {unknown}
 k - 3 potions of degeneration {unknown}
 l - 5 potions of cancellation {unknown}
 m - 2 potions of curing {unknown}
 o - a potion of might {unknown}
 p - a potion of agility {unknown}
 A - a potion of poison {unknown}
 E - a potion of invisibility
 G - a potion of flight {unknown}
 K - 3 potions of lignification {unknown}
 L - a potion of mutation {unknown}
 S - 2 potions of berserk rage {unknown}
Books
 b - a book of Conjurations

   Spells                             Type                      Level
   a - Magic Dart                     Conjuration                  1
   b - Searing Ray                    Conjuration                  2
   c - Dazzling Spray                 Conjuration/Hexes            3
   d - Fulminant Prism                Conjuration/Hexes            4
   e - Iskenderun's Mystic Blast      Conjuration                  4
   f - Iskenderun's Battlesphere      Conjuration/Charms           5
 Q - a book of Fire

   Spells                             Type                      Level
   a - Ignite Poison                  Fire/Transmutation/Poison    3
   b - Fireball                       Conjuration/Fire             5
   c - Bolt of Fire                   Conjuration/Fire             6
   d - Delayed Fireball               Conjuration/Fire             7
   e - Ring of Flames                 Charms/Fire                  7
Comestibles
 c - 7 bread rations
 n - 3 beef jerkies
 B - 3 meat rations
 I - 3 fruits


   Skills:
 - Level 3.3 Fighting
 - Level 6.1 Dodging
 - Level 2.4 Stealth
 + Level 11.0 Spellcasting
 + Level 9.7 Conjurations
 - Level 9.3 Charms
 * Level 7.1 Fire Magic


You had 14 spell levels left.
You knew the following spells:

 Your Spells              Type           Power        Failure   Level  Hunger
a - Magic Dart            Conj           ####         1%          1    None
b - Iskenderun's Battles  Conj/Chrm      ######..     2%          5    ####...
c - Iskenderun's Mystic   Conj           ######..     1%          4    None
d - Fireball              Conj/Fire      ######....   4%          5    ####...
e - Delayed Fireball      Conj/Fire      N/A          96%         7    #######


Dungeon Overview and Level Annotations

Branches:
Dungeon (9/15)             Temple (1/1) D:5
   Lair: D:8-11         Orc: D:9-12

Altars:
Ashenzari
Cheibriados
Dithmenos
Elyvilon
Fedhas
Gozag
Kikubaaqudgha
Makhleb
Nemelex Xobeh
Okawaru
Qazlal
Ru
Sif Muna
Trog
Vehumet
Xom
Yredelemnul
Zin
The Shining One

Annotations:
D:9 Minkie's ghost, experienced MiSk


Message History

Unknown command.
Unknown command.
Evoke which item? (* to show all) (? for menu, Esc to quit)
That item cannot be evoked!
Evoke which item? (* to show all) (? for menu, Esc to quit)
Zapping:
R - a wand of lightning (will waste charges)
Press: ? - help, Shift-Dir - straight line, f/p - molten gargoyle
Aim: a molten gargoyle, wielding a flail (heavily damaged)
You hear a mighty clap of thunder!
The bolt of lightning hits the molten gargoyle.
The molten gargoyle appears unharmed.
The molten gargoyle is heavily damaged.
Evoking this partially-identified wand wasted a few charges.
Evoke which item? (* to show all) (? for menu, Esc to quit)
Zapping:
R - a wand of lightning {zapped: 3} (will waste charges)
Press: ? - help, Shift-Dir - straight line, f/p - molten gargoyle
Aim: a molten gargoyle, wielding a flail (heavily damaged) Nothing appears to happen.
The molten gargoyle hits you with a flail!
You die...

≈88§≈§#.....
88≈§..#%... ###
≈ §≈≈ .+### #..
≈≈≈ § # #.# ..≈
#..#.#.#
#$#####.#.#.#
....*...9...#
........@...#
......(.....#
.......).....#
...........#[..
############ #.


You could see a molten gargoyle.

Vanquished Creatures
  The ghost of chequers the Basher, an experienced MiAK of Lugonu (D:6)
  2 molten gargoyles (D:9)
  2 trolls
  Grinder (D:6)
  A hippogriff (D:7)
  4 yaks
  Eustachio (D:5)
  Menkaure (D:4)
  A water moccasin (D:9)
  Duvessa (D:7)
  2 phantoms
  An orc warrior (D:7)
  4 ogres
  A black bear (D:8)
  A centaur (D:7)
  The ghost of FedoraBrony69 the Magician, an average DECj (D:3)
  A big kobold (D:8)
  3 giant frogs
  A jelly (D:8)
  Dowan (D:7)
  3 scorpions
  13 killer bees
  2 quasits
  3 crimson imps
  4 hounds
  5 orc wizards
  Crazy Yiuf (D:7)
  A giant frog skeleton (D:8)
  3 orc priests
  2 gnoll shamans (D:6)
  3 iguanas
  7 worker ants
  A killer bee zombie (D:7)
  2 hound skeletons
  3 adders
  15 gnolls
  A shadow imp (D:5)
  3 oozes
  A worm (D:3)
  5 giant geckos
  22 orcs
  A ball python (D:3)
  15 bats
  13 goblins
  18 hobgoblins
  11 jackals
  17 kobolds
  4 quokkas
  8 giant cockroaches
  3 giant newts
  A giant spore (D:8)
  14 rats
  A ballistomycete (D:8)
237 creatures vanquished.

Notes
Turn   | Place    | Note
--------------------------------------------------------------
     0 | D:1      | FedoraBrony69, the Deep Elf Conjurer, began the quest for the Orb.
     0 | D:1      | Reached XP level 1. HP: 10/10 MP: 6/6
    93 | D:1      | Reached XP level 2. HP: 12/15 MP: 3/8
   456 | D:1      | Reached XP level 3. HP: 15/19 MP: 1/10
  1021 | D:2      | Reached skill level 5 in Conjurations
  1308 | D:2      | Found a deep blue altar of Sif Muna.
  1346 | D:2      | Became a worshipper of Sif Muna the Loreminder
  1380 | D:2      | Reached XP level 4. HP: 16/24 MP: 7/12
  1387 | D:3      | Reached skill level 5 in Spellcasting
  1673 | D:3      | Found a sparkling altar of Nemelex Xobeh.
  2205 | D:3      | Noticed FedoraBrony69's ghost (average DECj)
  2236 | D:4      | Learned a level 4 spell: Iskenderun's Mystic Blast
  2246 | D:3      | Killed FedoraBrony69's ghost
  2246 | D:3      | Reached XP level 5. HP: 17/28 MP: 0/15
  2253 | D:3      | Learned a level 5 spell: Iskenderun's Battlesphere
  2425 | D:4      | Reached skill level 6 in Spellcasting
  2719 | D:4      | Acquired Sif Muna's first power
  2728 | D:4      | Reached XP level 6. HP: 17/32 MP: 5/17
  2905 | D:4      | Reached skill level 1 in Charms
  3860 | D:5      | Entered Level 5 of the Dungeon
  3860 | D:5      | Noticed Eustachio
  3995 | D:5      | Killed Eustachio
  3995 | D:5      | Reached skill level 7 in Spellcasting
  3995 | D:5      | Reached XP level 7. HP: 20/36 MP: 0/19
  4116 | D:5      | Reached skill level 5 in Charms
  4136 | D:5      | Noticed Menkaure
  4327 | D:5      | Acquired Sif Muna's second power
  4445 | D:4      | Killed Menkaure
  4703 | D:5      | Reached XP level 8. HP: 30/41 MP: 5/21
  4705 | D:5      | Reached skill level 8 in Spellcasting
  4955 | D:5      | Found a staircase to the Ecumenical Temple.
  5009 | Temple   | Entered the Ecumenical Temple
  5221 | D:5      | Found a deep blue altar of Sif Muna.
  5406 | D:6      | Got a pair of shimmering boots
  5417 | D:6      | Identified the cursed +0 pair of boots of Altruism {-Tele MR+ Regen+} (You found it on level 6 of the Dungeon)
  5502 | D:6      | Noticed Grinder
  5509 | D:6      | Killed Grinder
  5655 | D:6      | Noticed chequers's ghost (experienced MiAK)
  5662 | D:6      | Killed chequers's ghost
  5662 | D:6      | Reached skill level 9 in Charms
  5854 | D:5      | Learned a level 5 spell: Fireball
  5862 | D:5      | Learned a level 7 spell: Delayed Fireball
  6108 | D:6      | Reached skill level 1 in Fire Magic
  6275 | D:7      | Found a snail-covered altar of Cheibriados.
  6321 | D:7      | Reached XP level 9. HP: 29/46 MP: 1/24
  6450 | D:7      | Noticed Crazy Yiuf
  6452 | D:7      | Killed Crazy Yiuf
  6519 | D:7      | Reached skill level 1 in Fighting
  6530 | D:7      | Acquired Sif Muna's third power
  6611 | D:7      | Found a shattered altar of Ashenzari.
  6907 | D:7      | Noticed Duvessa
  6907 | D:7      | Noticed Dowan
  6910 | D:7      | Killed Duvessa
  6914 | D:7      | Killed Dowan
  7641 | D:8      | Found an ancient bone altar of Kikubaaqudgha.
  7742 | D:8      | Reached skill level 10 in Spellcasting
  8011 | D:8      | Reached skill level 5 in Fire Magic
  8105 | D:8      | Found a glowing silver altar of Zin.
  8105 | D:8      | Found a white marble altar of Elyvilon.
  8268 | D:8      | Found a burning altar of Makhleb.
  8583 | D:9      | Noticed Minkie's ghost (experienced MiSk)
  8589 | D:9      | Reached skill level 5 in Dodging
  8725 | D:9      | Reached XP level 10. HP: 55/55 MP: 13/26
  8822 | D:9      | Noticed a molten gargoyle
  8828 | D:9      | Noticed a molten gargoyle
  8830 | D:9      | Killed a molten gargoyle
  8948 | D:9      | Killed a molten gargoyle
  9649 | D:9      | Noticed a molten gargoyle
  9783 | D:9      | Reached skill level 11 in Spellcasting
  9791 | D:9      | Slain by a molten gargoyle

Action                   |  1- 3 |  4- 6 |  7- 9 | 10-12 || total
-------------------------+-------+-------+-------+-------++-------
Melee: Unarmed           |     3 |       |       |       ||     3
       Club              |     3 |       |       |       ||     3
       Dagger            |       |     6 |     9 |       ||    15
       Spear             |       |       |     1 |       ||     1
       Rapier            |       |       |     5 |    19 ||    24
 Cast: Magic Dart        |    71 |   124 |   157 |    40 ||   392
       Iskenderun's Myst |       |    15 |    77 |    29 ||   121
       Iskenderun's Batt |       |       |    13 |     5 ||    18
Evoke: Wand              |       |     6 |     6 |     2 ||    14
  Use: Scroll            |     2 |       |     3 |       ||     5
       Potion            |       |       |     1 |       ||     1
  Eat: Chunk             |       |    10 |    17 |     5 ||    32
       Beef jerky        |       |       |     1 |       ||     1
